 Dungeon Crawl Stone Soup version 0.27-a0-1140-g099f9bb0e8 (webtiles) character file.

Game seed: 3340255863936743397

60 Froggeryz the Skirmisher (level 4, -2/33 HPs)
             Began as an Octopode Wanderer on May 10, 2021.
             Killed from afar by a white imp (10 damage)
             ... with a puff of frost
             ... on level 2 of the Dungeon.
             The game lasted 00:03:27 (2213 turns).

Froggeryz the Skirmisher (Octopode Wanderer)        Turns: 2213, Time: 00:03:27

Health: -2/33      AC:  1    Str: 11    XL:     4   Next: 4%
Magic:  5/5        EV: 12    Int: 15    God:
Gold:   11         SH:  0    Dex: 11    Spells: 5/5 levels left

rFire    . . .     SeeInvis .   a - +0 club
rCold    . . .     Faith    .   (no shield)
rNeg     . . .     Spirit   .   (helmet restricted)
rPois    +         Reflect  .   (no amulet)
rElec    .         Harm     .   e - ring of poison resistance
rCorr    .         Rampage  .   (no ring)
Will     .....                  (no ring)
Stlth    ++........             (no ring)
HPRegen  0.11/turn              (no ring)
MPRegen  0.09/turn              (no ring)
                                (no ring)
                                (no ring)

@: no status effects
A: almost no armour, amphibious, 8 rings, camouflage 1, gelatinous body 1,
(nimble swimmer 1), tentacles
a: no special abilities


You were on level 2 of the Dungeon.
You visited 1 branch of the dungeon, and saw 2 of its levels.

You collected 11 gold pieces.

Inventory:

Hand Weapons
 a - a +0 club (weapon)
Missiles
 b - 18 poisoned darts (quivered)
Jewellery
 e - a ring of poison resistance (left tentacle)
 f - a ring of magical power
Scrolls
 c - 2 scrolls of teleportation
 g - a scroll of silence {unknown}


   Skills:
 - Level 4.0 Fighting
 - Level 1.0 Crossbows
 - Level 1.0 Throwing
 * Level 3.5 Unarmed Combat
 - Level 1.0 Spellcasting
 - Level 1.0 Fire Magic
 - Level 1.0 Earth Magic
 - Level 1.1 Evocations


You had 5 spell levels left.
You didn't know any spells.
Your spell library contained the following spells:

 Spells                   Type           Power      Damage    Failure   Level
 Sandblast                Erth           6%         2d5       16%         1
 Magic Dart               Conj           0%         1d3       24%         1
 Blink                    Tloc           N/A        N/A       36%         2
 Call Imp                 Summ           0%         N/A       36%         2
 Slow                     Hex            0%         N/A       36%         2
 Conjure Flame            Conj/Fire      2%         6-21      52%         3
 Stone Arrow              Conj/Erth      4%         3d7       52%         3
 Mephitic Cloud           Conj/Pois/Air  0%         N/A       58%         3


Dungeon Overview and Level Annotations

Branches:
Dungeon (2/15)

Altars:


Innate Abilities, Weirdness & Mutations

You cannot wear most types of armour.
You are amphibious.
You can wear up to eight rings at the same time.
Your skin changes colour to match your surroundings (Stealth+).
Your rubbery body absorbs attacks. (AC +1, EV +1)
((You are camouflaged near water. (Stealth+)))
You have tentacles for arms and can constrict up to eight enemies at once.


Message History

A quokka is nearby!
A quokka is nearby!
The quokka bites you.
You closely miss the quokka. Your grab misses the quokka.
You squeeze the quokka.
You kill the quokka!
No target in view!
No target in view!
b - 18 poisoned darts (gained 2)
A white imp comes into view.
A white imp is nearby!
A white imp is nearby!
The white imp shouts!
The white imp hits you. The white imp freezes you.
You barely miss the white imp. You grab the white imp.
You constrict the white imp. The white imp gestures at you.
The puff of frost misses you.
You hit the white imp.
The white imp is severely wounded.
You constrict the white imp, but do no damage.
The white imp hits you. The white imp freezes you.
You hit the white imp but do no damage.
You squeeze the white imp, but do no damage.
The white imp is severely wounded.
You constrict the white imp. The white imp hits you. The white imp freezes you.
* * * LOW HITPOINT WARNING * * *
The white imp gestures at you. The puff of frost hits you!
* * * LOW HITPOINT WARNING * * *
Okay, then.
You feel better.
You constrict the white imp, but do no damage.
The white imp closely misses you.
You hit the white imp but do no damage. You squeeze the white imp.
The white imp is almost dead.
You constrict the white imp. The white imp gestures at you.
The puff of frost hits you!
You die...

################### '..
......5@.#........######
...##########.#.######...).†.
............#.#.#....#..#####
###..#######.#.#......#).#
.................>.......#
##..####.##.#.#.........#
#....†......#.#...#######
#####.##....#.#...#
#.......#.#...#


You could see a white imp.

Vanquished Creatures
  A gnoll (D:1)
  An adder (D:2)
  A dart slug (D:1)
  3 ball pythons
  2 endoplasms
  5 hobgoblins
  6 jackals
  2 quokkas
  A bat (D:2)
  4 frilled lizards (D:1)
  4 goblins (D:2)
  2 kobolds (D:1)
  4 rats
36 creatures vanquished.

Notes
Turn   | Place    | Note
-------+----------+-------------------------------------------
     0 | D:1      | Froggeryz the Octopode Wanderer began the quest for the
                  | Orb.
     0 | D:1      | Froggeryz set off with the following items: a +0 club, a
                  | scroll of teleportation; and the following spells available
                  | to memorise: Sandblast, Magic Dart, Blink, Call Imp, Slow,
                  | Conjure Flame, Stone Arrow, Mephitic Cloud
     0 | D:1      | Reached XP level 1. HP: 17/17 MP: 2/2
   497 | D:1      | Reached skill level 1 in Unarmed Combat
   519 | D:1      | Reached XP level 2. HP: 22/22 MP: 3/3
   875 | D:1      | Reached XP level 3. HP: 20/27 MP: 4/4
  1316 | D:1      | Found a faded altar of an unknown god.
  2141 | D:2      | Reached XP level 4. HP: 30/33 MP: 5/5
  2213 | D:2      | Killed from afar by a white imp

Illustrated notes

Levels and vault maps discovered:
D:1:      dpeg_arrival_windows_large_door, layout_basic, basic_ecumenical_altar,
          chequers_avenue, amcnicky_mini_corridor_feature
D:2:      layout_basic

Skill      XL: |  1  2  3 |
---------------+----------+-----
Unarmed Combat | 2 3 |  3.5
Fighting       | |  4.0
Crossbows      | |  1.0
Throwing       | |  1.0
Spellcasting   | |  1.0
Fire Magic     | |  1.0
Earth Magic    | |  1.0
Evocations     | |  1.1

Action                   |  1- 3 |  4- 6 || total
-------------------------+-------+-------++-------
Melee: Club              |    75 |     5 ||    80
       Constrict         |    22 |     1 ||    23
       Tentacles         |    11 |     3 ||    14
       Punch             |     1 |       ||     1
Throw: Dart              |    13 |       ||    13
  Use: Scroll            |     2 |       ||     2
       Potion            |       |     1 ||     1
 Stab: Sleeping          |     4 |       ||     4
Armor: Skin              |     7 |       ||     7
Dodge: Dodged            |    48 |     2 ||    50

Table legend: (Time is in decaauts)
 A = Elapsed time spent in this place.
 B = Non-inter-level travel time spent in this place.
 C = Inter-level travel time spent in this place.
 D = Time resting spent in this place.
 E = Time spent auto-exploring this place.
 F = Levels seen in this place.
 G = Mean time per level.
                   A        B        C        D        E       F      G
               +--------+--------+--------+--------+--------+-----+--------+
         Total |   2234 |   2186 |     48 |    707 |   1211 |   2 | 1117.0 |
       Dungeon |   2234 |   2186 |     48 |    707 |   1211 |   2 | 1117.0 |
               +--------+--------+--------+--------+--------+-----+--------+

Top non-repeatable levels by time:
     D:1: 1543 daAuts
     D:2: 691 daAuts
